 Dungeon Crawl Stone Soup version 0.29.0-13-gc9e81de378 (webtiles) character file.

Game seed: 13966602071664781398

719 styxcanada the Covert (level 7, -6/35 HPs)
             Began as a Spriggan Brigand on Sept 7, 2022.
             Splashed by a jelly's acid (8 damage)
             ... on level 5 of the Dungeon.
             The game lasted 00:20:44 (4200 turns).

styxcanada the Covert (Spriggan Brigand)            Turns: 4200, Time: 00:20:45

Health: -6/35      AC:  5    Str:  7    XL:     7   Next: 42%
Magic:  9/9        EV: 19    Int: 13    God:
Gold:   280        SH:  0    Dex: 21    Spells: 4/7 levels left

rFire   + . .      SeeInvis +   j - +3 dagger (holy)
rCold   . . .      Faith    .   (no shield)
rNeg    . . .      Spirit   .   s - +1 animal skin of the Armoured One {rF+ Dex+3 Stlth+}
rPois   .          Reflect  .   (helmet restricted)
rElec   .          Harm     .   e - +1 cloak
rCorr   .          Rampage  .   (gloves unavailable)
Will    +....                   (boots unavailable)
Stlth   ++++++....              (no amulet)
HPRegen 0.11/turn               (no ring)
MPRegen 0.11/turn               (no ring)

@: very quick
A: very small, no large weapons, unfitting armour, see invisible, speed 3
a: no special abilities


You were on level 5 of the Dungeon.
You visited 2 branches of the dungeon, and saw 6 of its levels.

You collected 280 gold pieces.

Inventory:

Hand Weapons
 a - a +2 dagger
 d - a +4 quarterstaff of chaos
 g - a +0 sling
 j - a +3 dagger of holy wrath (weapon)
 u - a +1 dagger of freezing
 y - a +1 short sword of holy wrath
Missiles
 c - a curare-tipped dart
 m - 17 stones
 o - 3 boomerangs
 p - 4 poisoned darts (quivered)
Armour
 e - a +1 cloak (worn)
 k - a +0 robe of cold resistance
 s - the +1 animal skin of the Armoured One (worn) {rF+ Dex+3 Stlth+}
   (You acquired it on level 4 of the Dungeon)

   Dex:       It affects your dexterity (+3).
   rF:        It protects you from fire.
   Stlth:     It makes you more stealthy.
Wands
 t - a wand of flame (15)
Scrolls
 b - a scroll of enchant weapon
 r - 5 scrolls of teleportation
Potions
 f - a potion of lignification
 h - 2 potions of might
 i - 6 potions of heal wounds
 l - 2 potions of curing
 q - 3 potions of flight {unknown}
 v - a potion of mutation {unknown}
 w - a potion of berserk rage {unknown}
 x - 2 potions of brilliance {unknown}


   Skills:
 + Level 2.8 Fighting
 + Level 4.2 Short Blades
 + Level 3.1 Throwing
 * Level 3.6 Dodging
 * Level 10.2 Stealth
 * Level 0.7 Spellcasting
 * Level 0.9 Transmutations
 * Level 0.5 Air Magic
 * Level 0.5 Poison Magic
 * Level 0.9 Evocations


You had 4 spell levels left.
You knew the following spells:

 Your Spells              Type           Power      Damage    Failure   Level
a - Sting                 Tmut/Pois      8%         1d3       22%         1
b - Poisonous Vapours     Pois/Air       2%         N/A       34%         2

Your spell library contained the following spells:

 Spells                   Type           Power      Damage    Failure   Level
 Tukima's Dance           Hex            0%         N/A       65%         3
 Olgreb's Toxic Radiance  Pois           1%         N/A       93%         4
 Passage of Golubria      Tloc           0%         N/A       96%         4
 Yara's Violent Unravell  Hex/Tmut       0%         3d3       100%        5


Dungeon Overview and Level Annotations

Branches:
Dungeon (5/15)             Temple (1/1) D:4

Altars:
Cheibriados
Kikubaaqudgha
Makhleb
Nemelex Xobeh
Okawaru
Qazlal
Vehumet
Wu Jian
Xom
Yredelemnul
Zin
The Shining One


Innate Abilities, Weirdness & Mutations

You are very small and have problems with some larger weapons.
You are too small for most types of armour.
You have supernaturally acute eyesight. (SInv)
You cover ground extremely quickly. (Speed+++)


Message History

The necrophage is moderately damaged.
The necrophage hits you but does no damage.
You hit the necrophage but do no damage.
The necrophage is moderately damaged.
The necrophage hits you.
You hit the necrophage.
The necrophage convulses.
The necrophage is severely damaged.
The necrophage barely misses you.
You hit the necrophage.
The necrophage convulses.
You destroy the necrophage!
You start resting.
Magic restored.
You open the door.
A jelly comes into view.
Found 11 gold pieces.
There is an open door here.
The jelly quivers.
The jelly hits you but does no damage.
You hit the jelly.
Your hands burn!
The jelly is lightly wounded.
The jelly misses you.
You hit the jelly.
Your hands burn!
The jelly is heavily wounded.
The jelly misses you.
You barely miss the jelly.
The jelly is heavily wounded.
You hit the jelly.
Your hands burn!
The jelly is severely wounded.
The jelly barely misses you.
You hit the jelly.
Your hands burn!
* * * LOW HITPOINT WARNING * * *
The jelly is almost dead.
The jelly closely misses you.
You hit the jelly but do no damage.
Your hands burn!
* * * LOW HITPOINT WARNING * * *
The jelly is almost dead.
The jelly hits you.
* * * LOW HITPOINT WARNING * * *
You are splashed with acid!
You die...

... #.# ..# #.# ##+##
#.# ##.$.## #.######.#
##.....## #....<...#
##.......##
######...####....J....#
#........'...@.....+
#.#...#.##.........#
#.##..#.###.......## #
....#.# ##.....##
.#####.# ##...## # ..#
##+## ###


You could see a jelly.

Vanquished Creatures
  Sigmund (D:3)
  Eustachio (D:4)
  Blork the orc (D:4)
  A necrophage (D:5)
  Crazy Yiuf (D:3)
  An iguana (D:4)
  Natasha (thrice) (D:4)
  Terence (D:3)
  Robin (D:4)
  A gnoll (D:1)
  4 adders
  2 worms
  3 dart slugs
  4 orcs
  7 endoplasms
  5 giant cockroaches
  13 goblins
  9 hobgoblins
  3 quokkas
  5 ball pythons
  5 bats
  13 frilled lizards
  8 kobolds
  3 rats
96 creatures vanquished.

Vanquished Creatures (others)
  5 plants (D:1)
5 creatures vanquished.

Grand Total: 101 creatures vanquished

Notes
Turn   | Place    | Note
-------+----------+-------------------------------------------
     0 | D:1      | styxcanada the Spriggan Brigand began the quest for the
                  | Orb.
     0 | D:1      | Reached XP level 1. HP: 10/10 MP: 2/2
    56 | D:1      | Reached skill level 6 in Stealth
   160 | D:1      | Reached XP level 2. HP: 14/14 MP: 3/3
   642 | D:1      | Found a faded altar of an unknown god.
  1125 | D:1      | Reached skill level 7 in Stealth
  1125 | D:1      | Reached XP level 3. HP: 18/18 MP: 4/4
  1443 | D:2      | Reached XP level 4. HP: 23/23 MP: 5/5
  1983 | D:3      | Noticed Sigmund
  1985 | D:3      | Killed Sigmund
  1986 | D:3      | Reached skill level 8 in Stealth
  1986 | D:3      | Reached XP level 5. HP: 26/26 MP: 6/6
  2070 | D:3      | Noticed Terence
  2107 | D:3      | Killed Terence
  2108 | D:3      | Reached skill level 9 in Stealth
  2108 | D:3      | Reached XP level 6. HP: 21/30 MP: 7/7
  2247 | D:3      | Found a runed translucent door.
  2248 | D:3      | Found a faded altar of an unknown god.
  2248 | D:3      | Found a shimmering altar of Xom.
  2856 | D:3      | Noticed Crazy Yiuf
  2883 | D:3      | Killed Crazy Yiuf
  2966 | D:4      | Identified a scroll of acquirement
  2966 | D:4      | Acquired the +1 animal skin of the Armoured One {rF+ Dex+3
                  | Stlth+}
  2979 | D:4      | Found a staircase to the Ecumenical Temple.
  2987 | Temple   | Entered the Ecumenical Temple
  3215 | D:4      | Noticed Robin
  3295 | D:4      | Killed Robin
  3495 | D:4      | Noticed Eustachio
  3497 | D:4      | Noticed Natasha
  3500 | D:4      | Killed Eustachio
  3505 | D:4      | Killed Natasha
  3506 | D:4      | Reached XP level 7. HP: 35/35 MP: 8/8
  3514 | D:4      | Learned a level 1 spell: Sting
  3517 | D:4      | Learned a level 2 spell: Poisonous Vapours
  3647 | D:4      | Noticed Natasha
  3660 | D:4      | Killed Natasha
  3661 | D:4      | Reached skill level 10 in Stealth
  3851 | D:4      | Noticed Blork the orc
  3855 | D:4      | Killed Blork the orc
  4000 | D:4      | Noticed Natasha
  4015 | D:4      | Killed Natasha
  4160 | D:5      | Entered Level 5 of the Dungeon
  4200 | D:5      | Splashed by a jelly's acid

Illustrated notes

Levels and vault maps discovered:
D:1:      dpeg_arrival_leaves_temple_mockup, layout_basic,
          shapermc_ecumenical_altar_totnotflames, minmay_lizard_king
D:2:      layout_rooms
D:3:      layout_loops_ring, nicolae_overflow_ecumenical_swirl, uniq_sigmund,
          uniq_terence, uniq_crazy_yiuf_cottage
D:4:      layout_loops_corners, minmay_temple_entry_wispy, uniq_blork_the_orc,
          uniq_natasha, uniq_eustachio, uniq_robin
D:5:      layout_loops_corners, riverfiend_overflow_shadow_ancestor,
          nicolae_gozag_seed_capital, mainiacjoe_overflow_alcove_1, uniq_ijyb
Temple:   minmay_freezing_vapour_temple

Skill      XL: |  1  2  3  4  5  6  7 |
---------------+----------------------+-----
Stealth        | 6 7 8 9 10 | 10.2
Dodging        | 2 3 |  3.6
Short Blades   | 3 4 |  4.2
Fighting       | 2 |  2.8
Throwing       | 3 |  3.1
Spellcasting   | |  0.7
Transmutations | |  0.9
Air Magic      | |  0.5
Poison Magic   | |  0.5
Evocations     | |  0.9

Action                   |  1- 3 |  4- 6 |  7- 9 || total
-------------------------+-------+-------+-------++-------
Melee: Dagger            |    83 |    94 |    36 ||   213
Throw: Dart              |    15 |    34 |     7 ||    56
       Stone             |       |     1 |       ||     1
 Cast: Sting             |       |       |     2 ||     2
Evoke: Wand              |       |     1 |       ||     1
  Use: Scroll            |       |    12 |     1 ||    13
 Stab: Sleeping          |    11 |    11 |     1 ||    23
Armor: Robe              |    13 |     4 |       ||    17
       Animal skin       |       |     4 |     2 ||     6
Dodge: Dodged            |    37 |    40 |    20 ||    97
